Map: Persephone LE

Players

ManlyManMeat - Winner!

  • Race: Protoss Protoss
  • Spawn Location: 7:00

JymRaynor

  • Race: Terran Terran
  • League: Master
  • Spawn Location: 11:00

VOD

Have the link to the VOD?

Description

Time

  • Played on: May 16, 2025, 6:49 a.m.
  • Length: 10:29
Show
View Real Time Build Order
Export as new Build Order

ManlyManMeat Protoss - Winner!

Build Orders: 1 Gate Expand 

Get SALT Encoding   

  12  0:00  Probe  
  13  0:21  Pylon, Probe  
  14  0:29  Probe  
  15  0:38  Probe  
  15  0:40  Gateway  
  16  0:54  Probe  
  17  0:57  Assimilator  
  17  1:06  Probe  
  18  1:19  Probe  
  18  1:27  Nexus  
  18  1:41  Cybernetics Core  
  18  1:48  Assimilator, Probe  
  19  2:00  Probe  
  20  2:11  Stalker  
  20  2:16  Gateway  
  20  2:18  Warp Gate  
  20  2:20  Pylon  
  22  2:39  Probe x2  
  24  2:51  Probe x2  
  24  2:53  Pylon  
  26  3:03  Robotics Facility  
  26  3:06  Probe  
  26  3:08  Stalker  
  26  3:09  Probe  
  28  3:16  Stalker  
  28  3:18  Probe  
  33  3:36  Stalker  
  33  3:38  Stalker  
  37  3:49  Immortal  
  41  4:06  Zealot  
  41  4:08  Zealot  
  45  4:21  Immortal  
  43  4:24  Probe x2  
  49  4:33  Pylon  
  49  4:37  Probe  
  49  4:38  Probe  
  51  4:45  Gateway  
  51  4:48  Forge  
  51  4:49  Gateway  
  51  4:52  Gateway  
  51  4:53  Probe  
  51  4:55  Probe  
  53  5:05  Probe  
  54  5:14  Protoss Ground Weapons Level 1  
  54  5:18  Shield Battery  
  54  5:21  Photon Cannon  
  54  5:22  Immortal  
  54  5:26  Photon Cannon  
  52  6:02  Immortal  
  46  6:11  Stalker  
  46  6:12  Stalker  
  46  6:15  Pylon  
  54  6:29  Robotics Bay  
  54  6:35  Stargate  
  54  6:37  Pylon  
  54  6:40  Assimilator  
  54  6:42  Assimilator  
  54  6:43  Pylon  
  54  6:46  Warp Prism  
  58  6:47  Zealot  
  58  6:48  Zealot  
  58  6:49  Zealot x2  
  58  6:50  Zealot  
  66  7:12  Twilight Council  
  66  7:23  Phoenix  
  68  7:53  Disruptor  
  72  7:59  Nexus  
  72  8:03  Stalker x3  
  72  8:05  Zealot x2  
  82  8:07  Pylon  
  82  8:10  Pylon  
  82  8:12  Assimilator  
  82  8:15  Assimilator  
  82  8:25  Charge  
  82  8:42  Zealot x5  
  82  8:50  Zealot x3  
  82  8:51  Zealot x2  
  84  9:12  Zealot  
  84  9:13  Zealot x4  
  94  9:21  Disruptor  
  90  9:48  Zealot x5  
  90  9:50  Probe x2  
  90  9:51  Probe  
  100  9:54  Pylon  
  100  9:58  Probe  
  100  9:59  Probe x2  
  106  10:07  Probe  
  106  10:11  Stalker x4  
  106  10:12  Stalker  
Show
View Real Time Build Order
Export as new Build Order

JymRaynor Terran 

Build Orders:  

Get SALT Encoding   

  12  0:01  SCV  
  13  0:13  SCV  
  14  0:22  Supply Depot  
  14  0:25  SCV  
  15  0:36  Refinery  
  15  0:44  SCV  
  16  0:54  Barracks  
  16  1:27  SCV  
  17  1:36  Barracks  
  17  1:39  SCV  
  18  1:45  Supply Depot  
  18  1:47  Barracks Reactor  
  18  1:51  SCV  
  19  1:56  Refinery  
  19  2:03  SCV  
  20  2:12  Factory  
  20  2:15  SCV  
  21  2:22  Marine  
  21  2:23  Marine  
  21  2:25  Barracks Tech Lab  
  21  2:27  SCV  
  24  2:39  SCV  
  24  2:40  Marine x2  
  29  2:44  Marauder  
  29  2:46  Concussive Shells  
  29  2:52  SCV  
  30  2:58  Factory Tech Lab  
  30  3:07  Starport  
  30  3:10  Marine  
  31  3:20  Supply Depot  
  31  3:41  Cyclone, Marine x2  
  31  3:42  Marauder  
  31  3:45  Starport Tech Lab  
  38  4:04  Command Center  
  38  4:20  Supply Depot, Medivac  
  37  4:30  Marauder  
  39  4:42  Cyclone  
  42  5:03  SCV  
  43  5:13  Supply Depot  
  43  5:16  SCV  
  44  5:26  Supply Depot  
  44  5:27  Supply Depot  
  44  5:32  SCV  
  44  5:33  SCV  
  46  5:37  Raven  
  47  5:44  SCV  
  48  5:56  SCV  
  38  6:13  SCV  
  38  6:14  SCV  
  38  6:17  Marauder, Marine x2  
  44  6:25  SCV, Liberator  
  44  6:26  SCV  
  49  6:34  Marine  
  49  6:35  Marine  
  49  6:36  Fusion Core, Armory  
  49  6:38  Marauder  
  49  6:39  SCV  
  55  6:40  SCV  
  55  6:47  Supply Depot  
  55  6:51  SCV  
  55  6:52  SCV, Marine x2  
  59  7:06  SCV x2  
  59  7:08  Liberator  
  64  7:17  Marauder, Marine x2  
  64  7:18  SCV  
  64  7:19  SCV  
  70  7:29  Command Center  
  70  7:30  Terran Ship Weapons Level 1  
  70  7:34  Marine  
  70  7:35  Marine  
  72  7:38  Marauder  
  74  7:56  Supply Depot  
  74  7:58  SCV  
  74  7:59  SCV  
  74  8:02  Refinery x2  
  82  8:05  Battlecruiser  
  82  8:06  Weapon Refit  
  82  8:11  SCV  
  83  8:16  Marauder  
  83  8:17  Marine x2  
  87  8:23  Armory  
  87  8:39  Starport  
  87  8:50  Marauder, Marine x2  
  57  9:16  Supply Depot  
  24  9:51  Marauder  
  24  9:52  Siege Tank  
Tags
 
League
Master
Matchup
PvT
Spawn Locations
Close Positions
Add a new tag
Caveats
  • Supply blocks, unpowered buildings, or Contaminate may cause inaccurate times.
  • Supply counts are checked every 10 seconds.